 Dungeon Crawl Stone Soup version 0.22.0-27-ga576289601 (webtiles) character file.

28 LLavrengius the Vandal (level 3, -4/23 HPs)
             Began as a Halfling Arcane Marksman on Aug 23, 2018.
             Slain by Terence
             ... wielding a cursed +0 flail
              (10 damage)
             ... on level 2 of the Dungeon.
             The game lasted 00:02:52 (1012 turns).

LLavrengius the Vandal (Halfling Arcane Marksman)   Turns: 1012, Time: 00:02:52

Health: -4/23      AC:  2    Str: 12    XL:     3   Next: 30%
Magic:  4/4        EV: 15    Int: 11    God:
Gold:   95         SH:  0    Dex: 14    Spells: 1/4 levels left

rFire    . . .     SeeInvis .   a - +0 hunting sling
rCold    . . .     Gourm    .   (shield restricted)
rNeg     . . .     Faith    .   e - +0 robe
rPois    .         Spirit   .   (no helmet)
rElec    .         Reflect  .   (no cloak)
rCorr    .         Harm     .   (no gloves)
MR       .....                  (no boots)
Stlth    +.........             (no amulet)
HPRegen  0.07/turn              (no ring)
MPRegen  0.09/turn              (no ring)

@: no status effects
A: small, mutation resistance 1
a: no special abilities


You were on level 2 of the Dungeon.
You were not hungry.

You visited 1 branch of the dungeon, and saw 2 of its levels.

You collected 95 gold pieces.

Inventory:

Hand Weapons
 a - a +0 hunting sling (weapon)
Missiles
 b - 42 stones
 d - a sling bullet (quivered)
Armour
 e - a +0 robe (worn)
Scrolls
 c - a scroll of teleportation {unknown}
 i - a scroll of immolation {unknown}
 j - a scroll of identify {unknown}
Potions
 g - 2 potions of lignification {unknown}
 h - a potion of invisibility {unknown}
 k - a potion of agility {unknown}
 l - 2 potions of curing {unknown}
 m - a potion of might {unknown}
Comestibles
 f - 4 rations


   Skills:
 + Level 1.6 Fighting
 + Level 3.7 Slings
 - Level 3.0 Dodging
 - Level 1.0 Spellcasting
 * Level 2.4 Hexes


You had one spell level left.
You knew the following spells:

 Your Spells              Type           Power        Failure   Level  Hunger
a - Corona                Hex            #......      12%         1    ##.....
b - Slow                  Hex            #.......     19%         2    ###....

Your spell library contained the following spells:

 Spells                   Type           Power        Failure   Level  Hunger
 Inner Flame              Hex/Fire       #.......     52%         3    ####...
 Portal Projectile        Hex/Tloc       #.....       52%         3    ####...
 Cause Fear               Hex            #.........   77%         4    #####..
 Leda's Liquefaction      Hex/Erth       #.........   89%         4    #####..


Dungeon Overview and Level Annotations

Branches:
Dungeon (2/15)

Altars:

Annotations:
D:2 Terence


Innate Abilities, Weirdness & Mutations

You are small and have problems with some larger weapons.
You are somewhat resistant to further mutation.


Message History

Aim: Terence, wielding a flail and wearing a glowing scale mail (severely wounded)
You shoot a sling bullet. The sling bullet hits Terence.
Terence is almost dead.
The bat barely misses you. Terence closely misses you.
The hobgoblin closely misses you.
Firing (i - inventory. (/) - cycle)
d - 3 sling bullets (quivered)
Press: ? - help, Shift-Dir - straight line, f/p - Terence
Aim: Terence, wielding a flail and wearing a glowing scale mail (almost dead)
You shoot a sling bullet.
The sling bullet hits Terence but does no damage.
Terence is almost dead.
Terence barely misses you. The hobgoblin completely misses you.
The bat closely misses you.
Firing (i - inventory. (/) - cycle)
d - 2 sling bullets (quivered)
Press: ? - help, Shift-Dir - straight line, f/p - Terence
Aim: Terence, wielding a flail and wearing a glowing scale mail (almost dead)
You shoot a sling bullet.
The sling bullet closely misses Terence.
The bat barely misses you. Terence hits you with a flail!
You die...

.##### ....
.... ...
#.. #.# #.#
#@#
#.....@.g.#
..........#
...((...b.#
.>........#
(..<......#
..........#
(####+#####


You could see Terence, a hobgoblin and a bat.

Vanquished Creatures
  A dart slug (D:1)
  A ball python (D:1)
  A giant cockroach (D:1)
  A goblin (D:1)
  5 hobgoblins (D:1)
  9 kobolds (D:1)
  2 bats (D:1)
  2 frilled lizards (D:1)
  4 rats (D:1)
26 creatures vanquished.

Notes
Turn   | Place    | Note
-------+----------+-------------------------------------------
     0 | D:1      | LLavrengius the Halfling Arcane Marksman began the quest for the Orb.
     0 | D:1      | Reached XP level 1. HP: 12/12 MP: 2/2
    40 | D:1      | Reached skill level 1 in Fighting
   176 | D:1      | Reached XP level 2. HP: 18/18 MP: 3/3
   605 | D:1      | Reached XP level 3. HP: 23/23 MP: 4/4
   928 | D:1      | Learned a level 2 spell: Slow
   994 | D:2      | Noticed Terence
  1012 | D:2      | Slain by Terence

Skill      XL: |  1  2 |
---------------+-------+-----
Fighting       | 1 |  1.6
Dodging        | 3 |  3.0
Slings         | |  3.7
Spellcasting   | |  1.0
Hexes          | |  2.4

Action                   || total
-------------------------++-------
 Fire: Hunting sling     ||   101
Armor: Robe              ||     8
Dodge: Dodged            ||    46
